 Dungeon Crawl Stone Soup version 0.30.1-9-gdf580d7c3d (webtiles) character file.

Game seed: 18339651632945541805

1756 KittyFluff the Covered (level 9, -3/82 HPs)
             Began as a Gargoyle Berserker on Oct 20, 2023.
             Was a High Priest of Trog.
             Slain by a gnoll
             ... wielding a +0 spear
             ... led by a gnoll bouda
              (4 damage)
             ... on level 6 of the Dungeon.
             The game lasted 00:23:44 (6476 turns).

KittyFluff the Covered (Gargoyle Berserker)         Turns: 6476, Time: 00:23:45

Health: -3/82      AC: 13    Str: 25    XL:     9   Next: 6%
Magic:  9/9        EV: 12    Int:  8    God:    Trog [*****.]
Gold:   657        SH:  5    Dex:  9    Spells: 8/8 levels left

rFire   . . .        G - +2 whip (elec)
rCold   . . .        (no shield)
rNeg    + + .        w - +0 leather armour
rPois   ∞            o - +2 helmet {SInv}
rElec   +            (no cloak)
rCorr   .            (no gloves)
SInv    +            (no boots)
Will    .....        h - amulet of reflection Stlth
                     k - ring of positive energy
HPRegen 0.33/turn    (no ring)
MPRegen 0.11/turn

%: reflection
@: berserking, weakened, very quick
A: sickness immunity, AC +6, negative energy resistance 1, electricity
resistance, torment resistance 1, petrification resistance
a: Renounce Religion, Berserk, Trog's Hand, Brothers in Arms


You were on level 6 of the Dungeon.
You worshipped Trog.
Trog was extremely pleased with you.
You visited 1 branch of the dungeon, and saw 6 of its levels.
You also visited: Ossuary.

You collected 657 gold pieces.

Inventory:

Hand Weapons
 a - a +0 mace
 r - a +0 sling
 G - a +2 whip of electrocution (weapon)
 I - a +0 morningstar
Missiles
 g - 2 silver boomerangs
 l - 5 datura-tipped darts (quivered)
 C - 2 throwing nets
 H - 14 poisoned darts
Armour
 o - a +2 helmet of see invisible (worn)
 w - a +0 leather armour (worn)
Jewellery
 h - an amulet of reflection (around neck)
 k - a ring of positive energy (left hand)
 q - an amulet of regeneration
Wands
 E - a wand of digging (3)
 F - a wand of quicksilver (3)
Scrolls
 c - 2 scrolls of fear {unknown}
 e - 4 scrolls of enchant weapon {unknown}
 i - a scroll of amnesia {unknown}
 m - 2 scrolls of immolation {unknown}
 n - 8 scrolls of teleportation {unknown}
 p - a scroll of enchant armour {unknown}
 s - 2 scrolls of poison {unknown}
 u - a scroll of vulnerability {unknown}
 x - 2 scrolls of silence {unknown}
 y - a scroll of acquirement {unknown}
 B - a scroll of butterflies {unknown}
 D - a scroll of torment {unknown}
Potions
 b - a potion of berserk rage
 d - 3 potions of resistance
 f - a potion of invisibility
 j - 2 potions of lignification
 t - a potion of magic
 v - 4 potions of curing
 z - 2 potions of might
 A - a potion of flight {unknown}


   Skills:
 + Level 5.9 Fighting
 * Level 7.3 Maces & Flails
 * Level 7.5 Armour
 + Level 4.0 Dodging


You had 8 spell levels left.
You didn't know any spells.
Your spell library was empty.

Dungeon Overview and Level Annotations

Branches:
Dungeon (6/15)             Temple (0/1) D:4         Ossuary (visited)

Altars:
Ashenzari
Kikubaaqudgha
Ru
Xom
Zin

Shops:
D:1 *   D:6 *


Innate Abilities, Weirdness & Mutations

You are immune to sickness and miasma.
Your stone body is resilient. (AC +6)
You are immune to poison.
You resist negative energy. (rN+)
You are resistant to electric shocks. (rElec)
You are resistant to unholy torment.
You are immune to petrification.


Message History

The gnoll picks up the pace!
You hit the gnoll.
You feel the power of Trog in you as your rage grows.
You kill the gnoll!
Trog accepts your kill.
The gnoll hits you from afar with a +0 halberd.
* * * LOW HITPOINT WARNING * * *
The gnoll barely misses you.
Items here: )) ? †.
You hit the gnoll. Lightning courses through the gnoll!
You kill the gnoll!
Trog accepts your kill.
The gnoll is no longer moving quickly.
You barely miss the gnoll bouda. The gnoll hits you but does no damage.
You whack the gnoll bouda!
The gnoll bouda is heavily wounded.
The gnoll bouda is no longer moving quickly.
The gnoll bouda hits you with a +0 whip!
* * * LOW HITPOINT WARNING * * *
You hit the gnoll bouda.
Lightning courses through the gnoll bouda!
You kill the gnoll bouda!
Trog accepts your kill.
Trog will now gift you melee weapons as you gain piety.
The gnoll hits you from afar with a +0 spear.
* * * LOW HITPOINT WARNING * * *
You block the gnoll's attack. The gnoll closely misses you.
The gnoll hits you with a +0 spear.
* * * LOW HITPOINT WARNING * * *
Items here: )) [ †.
You hit the gnoll.
The gnoll is lightly wounded.
You hit the gnoll.
The gnoll is severely wounded.
You block the gnoll's attack. The gnoll completely misses you.
You hit the gnoll.
You kill the gnoll!
Trog accepts your kill.
You closely miss the gnoll. The gnoll hits you with a +0 spear.
You die...

#.....#
###.#.#[#
........#
###.#.#.#
#.....#
###.#.#######
####....).#
######)######
#.)@)...#
#.g####.#
#....g .#
#.#..# ..
#.#..# ### #
#.!. #.## #.


You could see a gnoll (swift).

Vanquished Creatures
  Grinder (D:3)
  Sigmund (D:3)
  An ice beast (D:6)
  A kobold brigand (D:4)
  2 bullfrogs (D:6)
  A scorpion (D:5)
  2 howler monkeys (D:4)
  2 jellies (D:6)
  An orc priest (D:5)
  4 gnoll boudas
  3 hounds
  A sleepcap (D:5)
  Ijyb (D:4)
  4 iguanas
  8 mummies (Ossuary)
  23 gnolls
  3 adders
  A shadow imp (D:4)
  2 ufetubi
  4 worms
  2 dart slugs
  30 orcs
  7 bats
  8 endoplasms
  A giant cockroach (D:1)
  2 gnoll zombies (Ossuary)
  6 goblins
  4 hobgoblins
  16 jackals
  8 kobolds
  6 quokkas
  7 ball pythons
  2 frilled lizards (D:2)
  2 hobgoblin zombies (Ossuary)
  A kobold zombie (Ossuary)
  3 orc zombies (Ossuary)
  4 rats
175 creatures vanquished.

Notes
Turn   | Place    | Note
-------+----------+-------------------------------------------
     0 | D:1      | KittyFluff the Gargoyle Berserker began the quest for the
                  | Orb.
     0 | D:1      | Reached XP level 1. HP: 14/14 MP: 1/1
   191 | D:1      | Reached XP level 2. HP: 17/19 MP: 2/2
   250 | D:1      | Found a faded altar of an unknown god.
   265 | D:1      | Found Cumajabi's General Store.
   428 | D:1      | Reached XP level 3. HP: 23/23 MP: 3/3
   626 | D:1      | Reached ** piety under Trog
  1137 | D:2      | Reached XP level 4. HP: 26/29 MP: 4/4
  1442 | D:3      | Noticed Sigmund
  1442 | D:3      | Noticed Grinder
  1975 | D:3      | Killed Sigmund
  1976 | D:3      | Reached XP level 5. HP: 8/33 MP: 5/5
  1976 | D:3      | Reached XP level 6. HP: 9/38 MP: 6/6
  2109 | D:3      | Paralysed by Grinder for 4 turns
  2117 | D:3      | Paralysed by Grinder for 2 turns
  2123 | D:3      | Killed Grinder
  2124 | D:3      | Reached skill level 5 in Maces & Flails
  2709 | D:4      | Reached XP level 7. HP: 30/44 MP: 7/7
  2718 | D:4      | Reached skill level 5 in Armour
  2727 | D:4      | Found a staircase to the Ecumenical Temple.
  2815 | D:4      | Found a sand-covered staircase.
  2842 | Ossuary  | Entered an ossuary
  3312 | D:4      | Reached *** piety under Trog
  3515 | D:4      | Noticed Ijyb
  3534 | D:4      | Killed Ijyb
  4084 | D:4      | Reached skill level 5 in Fighting
  4084 | D:4      | Reached XP level 8. HP: 37/49 MP: 8/8
  4581 | D:4      | Reached **** piety under Trog
  5063 | D:5      | Entered Level 5 of the Dungeon
  5353 | D:5      | Found a shimmering altar of Xom.
  5353 | D:5      | Found an ancient bone altar of Kikubaaqudgha.
  5353 | D:5      | Found a sacrificial altar of Ru.
  5859 | D:5      | Found a broken altar of Ashenzari.
  5983 | D:6      | Found Zin's Purification Station.
  6001 | D:6      | Found a glowing silver altar of Zin.
  6126 | D:6      | Reached ***** piety under Trog
  6444 | D:6      | Reached XP level 9. HP: 46/55 MP: 9/9
  6471 | D:6      | HP: 3/82 [gnoll/+0 spear[a gnoll bouda] (4)]
  6472 | D:6      | HP: 1/82 [gnoll/+0 spear[a gnoll bouda] (2)]
  6476 | D:6      | Slain by a gnoll

Illustrated notes

Levels and vault maps discovered:
D:1:      minmay_arrival_diagonal_passages, layout_basic, serial_shops, shop,
          basic_ecumenical_altar, chequers_decorated_corner,
          kennysheep_minor_cross, minmay_heptomino_o4
D:2:      layout_basic
D:3:      minmay_chambers_of_twos, layout_basic, uniq_sigmund, uniq_grinder
D:4:      lemuel_castle_with_subvaults [lemuel_castle_interior_original],
          layout_cave_pools, minmay_temple_entry_mist,
          chequers_ossuary_entry_cave, uniq_ijyb
D:5:      layout_loops_ring, lemuel_round_altar, gammafunk_temple_overflow_claw
D:6:      layout_loops_ring, zin_purify, mainiacjoe_overflow_alcove_4,
          gammafunk_ghost_smash, chequers_serial_rivers_micro_d, uniq_maggie

Skill      XL: |  1  2  3  4  5  6  7  8 |
---------------+-------------------------+-----
Armour         | 3 4 6 7 |  7.5
Dodging        | 2 3 4 |  4.0
Fighting       | 4 5 |  5.9
Maces & Flails | 4 5 7 |  7.3

Action                     |  1- 3 |  4- 6 |  7- 9 || total
---------------------------+-------+-------+-------++-------
  Melee: Mace              |   131 |    83 |   280 ||   494
         Punch             |       |     1 |     1 ||     2
         Whip              |       |       |   227 ||   227
 Invoke: Berserk           |       |     2 |     2 ||     4
    Use: Scroll            |       |       |     8 ||     8
 Armour: Animal skin       |    51 |    17 |     2 ||    70
         Leather armour    |       |       |   231 ||   231
  Dodge: Dodged            |   113 |    40 |   341 ||   494
  Block: Other             |    15 |    20 |   141 ||   176
